AoeStats
← hans黃

Oasis

510039661Analyzed
4v4 RM · 1d ago on Sep 29, 2026· 47m 48s· 8 players
Game mode
Random Map
Map size
Large (8 player)
Population
200
Speed
Normal
Resources
Standard
Victory
Conquest
Starting age
Dark Age
Ending age
Imperial Age
RankedLock teamsTeams togetherTeam positionsShared explorationLock speedFull tech treeHidden civsTurbo modeCheats
Victory
Defeat
🇪🇨 Vikings · Ecuador
1025
+17
🇺🇸 Franks · United States
1025
+17
🇲🇽 Slavs · Mexico
1016
+18
🇺🇸 Turks · United States
1003
+18
🇦🇷 Byzantines · Argentina
1154
-22
🇭🇰 Maya · Hong Kong SAR China
1052
-18
🇹🇼 Teutons · Taiwan
1022
-16
🇦🇷 Burgundians · Argentina
972
-23
CoCoBudda42
12:01 Feudal Age
13:11 Loom
14:06 Double-Bit Axe
22:53 Castle Age
25:26 Scale Barding Armor
28:50 Chain Barding Armor
28:59 Bow Saw
29:50 Pikeman
34:18 Husbandry
38:58 Fortified Wall
39:03 Forging
41:56 Wheelbarrow
46:09 Imperial Age
46:35 Gold Mining
47:45 Caravan
Diesel_Dab
12:12 Feudal Age
15:52 Castle Age
14:05 Double-Bit Axe
17:58 Bloodlines
17:50 Husbandry
18:19 Bow Saw
21:05 Loom
25:29 Scale Barding Armor
30:38 Horse Collar
31:42 Wheelbarrow
32:53 Caravan
36:22 Imperial Age
34:26 Fletching
34:37 Padded Archer Armor
35:20 Hand Cart
35:08 Heavy Plow
35:18 Thumb Ring
35:15 Bodkin Arrow
37:33 Heavy Camel Rider
39:08 Leather Archer Armor
38:54 Bracer
39:26 Ballistics
39:36 Treadmill Crane
41:29 Chain Barding Armor
41:20 Forging
40:36 Heavy Cavalry Archer
41:42 Parthian Tactics
kiubi23cch
9:18 Feudal Age
9:48 Horse Collar
11:45 Double-Bit Axe
19:04 Castle Age
18:55 Wheelbarrow
19:06 Loom
20:01 Heavy Plow
20:17 Bow Saw
25:52 Imperial Age
23:27 Man-at-Arms
25:19 Scale Mail Armor
25:30 Forging
25:12 Long Swordsman
25:56 Capped Ram
26:48 Pikeman
31:16 Siege Ram
32:33 Chain Mail Armor
33:30 Town Watch
34:02 Hand Cart
35:37 Two-Handed Swordsman
39:43 Two-Man Saw
39:10 Halberdier
43:12 Scale Barding Armor
43:46 Iron Casting
44:43 Champion
47:50 Sanctity
47:40 Redemption
48:32 Blast Furnace
48:02 Plate Mail Armor
47:23 Fletching
47:33 Padded Archer Armor
Bry.D
2:34 Loom
11:34 Feudal Age
12:09 Double-Bit Axe
12:05 Horse Collar
14:26 Town Watch
20:01 Castle Age
21:07 Bow Saw
21:09 Gold Mining
21:22 Caravan
21:32 Fletching
23:48 Heavy Plow
24:50 Bodkin Arrow
26:31 Crossbowman
30:12 Ballistics
33:34 Imperial Age
32:47 Chieftains
33:03 Forging
32:53 Scale Mail Armor
34:09 Squires
33:54 Arson
34:52 Crop Rotation
35:23 Two-Man Saw
33:46 Arbalester
34:55 Conscription
35:44 Chemistry
35:44 Padded Archer Armor
35:45 Bracer
35:47 Padded Archer Armor
35:55 Bogsveigar
36:48 Gold Shaft Mining
36:04 Stone Mining
35:56 Treadmill Crane
38:54 Leather Archer Armor
39:14 Iron Casting
38:54 Chain Mail Armor
41:14 Ring Archer Armor
43:28 Elite Berserk
46:04 Blast Furnace
45:34 Plate Mail Armor
45:13 Elite Varangian Guard
Baaltaa3873
12:35 Feudal Age
14:04 Feudal Age
13:17 Double-Bit Axe
13:14 Horse Collar
13:40 Gold Mining
13:40 Stone Mining
15:33 Heavy Plow
15:45 Bow Saw
17:16 Gold Shaft Mining
17:16 Stone Shaft Mining
21:27 Castle Age
21:03 Forging
20:59 Scale Barding Armor
25:11 Two-Man Saw
24:56 Crop Rotation
25:14 Iron Casting
25:01 Chain Barding Armor
26:51 Wheelbarrow
31:10 Imperial Age
29:22 Hand Cart
28:54 Loom
29:17 Fletching
29:58 Treadmill Crane
30:31 Masonry
30:19 Bodkin Arrow
30:47 Cavalier
32:50 Elite Skirmisher
33:08 Paladin
35:06 Husbandry
37:29 Hoardings
38:39 Padded Archer Armor
38:40 Bracer
41:30 Blast Furnace
40:46 Leather Archer Armor
42:31 Conscription
43:44 Chemistry
43:15 Architecture
hans黃
2:35 Loom
10:21 Feudal Age
12:07 Double-Bit Axe
20:27 Castle Age
19:36 Horse Collar
22:36 Gold Mining
23:18 Bow Saw
24:15 Forging
24:24 Heavy Plow
25:30 Scale Barding Armor
28:01 Wheelbarrow
29:08 Iron Casting
28:55 Chain Barding Armor
32:30 Hand Cart
34:48 Bloodlines
34:44 Town Watch
36:41 Pikeman
41:01 Imperial Age
40:59 Stone Mining
42:01 Scale Mail Armor
43:02 Blast Furnace
44:50 Halberdier
慈溪牛牛
12:33 Feudal Age
10:50 Loom
17:17 Castle Age
15:29 Gold Mining
18:28 Scale Mail Armor
18:39 Forging
23:40 Eagle Warrior
24:28 Stone Mining
25:09 Double-Bit Axe
25:33 Squires
26:22 Horse Collar
31:27 Imperial Age
30:57 Iron Casting
31:29 Chain Mail Armor
32:33 Wheelbarrow
32:34 Heavy Plow
35:40 Hand Cart
34:51 Elite Eagle Warrior
36:03 Plate Mail Armor
41:42 Arson
42:21 Conscription
43:05 Blast Furnace
44:17 Elite Plumed Archer
46:26 Stone Shaft Mining
Garlar16
3:54 Loom
11:21 Feudal Age
12:09 Double-Bit Axe
13:08 Horse Collar
21:05 Castle Age
23:19 Heavy Plow
23:29 Bow Saw
23:13 Gold Mining
23:59 Wheelbarrow
31:00 Imperial Age
29:07 Scale Barding Armor
29:44 Hand Cart
30:01 Fletching
30:26 Husbandry
31:32 Chain Barding Armor
31:14 Cavalier
32:59 Forging
33:54 Light Cavalry
34:35 Light Cavalry
Connection lost

Rejoining the realm…

Still unreachable

The connection could not be restored.

Session expired

The server has moved on; the page needs a fresh start.